 Seeded DCSS version 0.32-a0-422-g28b100f (webtiles) character file.

Game seed: 8831602498682816792 (custom seed)

615 bonscott the Apothecary (level 7, 0/72 HPs)
             Began as an Octopode Alchemist on Feb 21, 2024.
             Succumbed to a water moccasin's poison
             ... on level 4 of the Dungeon.
             The game lasted 00:24:45 (3723 turns).

bonscott the Apothecary (Octopode Alchemist)        Turns: 3723, Time: 00:24:46

Health: 0/72       AC:  1    Str:  9    XL:     7   Next: 45%
Magic:  13/13      EV: 13    Int: 18    God:
Gold:   243        SH:  5    Dex: 12    Spells: 11/14 levels left

rFire   . . .        c - +2 short sword (venom)
rCold   . . .        o - +0 buckler
rNeg    . . .        (helmet restricted)
rPois   .            (no amulet)
rElec   .            (no ring)
rCorr   .            (no ring)
SInv    .            (no ring)
Will    .....        (no ring) Stlth
                     (no ring)
HPRegen 0.32/turn    (no ring)
MPRegen 0.13/turn    (no ring)
                     (no ring)

%: no passive effects
@: berserking (expiring), lethally poisoned (0 -> -8), very quick
A: almost no armour, amphibious, 8 rings, camouflage 1, gelatinous body 1,
(nimble swimmer 1), tentacles
a: no special abilities


You were on level 4 of the Dungeon.
You visited 2 branches of the dungeon, and saw 5 of its levels.

You collected 243 gold pieces.

Inventory:

Hand Weapons
 c - a +2 short sword of venom (weapon)
 u - a +1 heavy quarterstaff
Missiles
 b - 34 stones
 v - 2 boomerangs
Armour
 o - a +0 buckler (worn)
Wands
 g - a wand of quicksilver (3)
Scrolls
 d - a scroll of identify
 e - a scroll of enchant armour {unknown}
 f - a scroll of silence {unknown}
 i - a scroll of amnesia {unknown}
 j - 2 scrolls of fear {unknown}
 l - a scroll of brand weapon {unknown}
 m - a scroll of blinking {unknown}
 p - 2 scrolls of teleportation {unknown}
 r - 2 scrolls of revelation
 s - 3 scrolls of fog
Potions
 a - 2 potions of magic
 h - a potion of enlightenment
 n - a potion of curing {unknown}
 q - a potion of brilliance {unknown}
 t - a potion of attraction {unknown}


   Skills:
 - Level 4.0 Fighting
 + Level 3.1 Dodging
 - Level 2.6 Stealth
 - Level 4.0 Shields
 - Level 4.0 Spellcasting
 - Level 1.0 Conjurations
 - Level 4.0 Alchemy


You had 11 spell levels left.
You knew the following spells:

 Your Spells              Type           Power      Damage    Failure   Level
s - Sting                 Conj/Alch      48%        1d6       8%          1
v - Mercury Vapours       Alch/Air       20%        N/A       14%         2

Your spell library contained the following spells:

 Spells                   Type           Power      Damage    Failure   Level
 Call Imp                 Summ           6%         N/A       32%         2
 Sublimation of Blood     Necr           3%         N/A       32%         2
 Mephitic Cloud           Conj/Alch/Air  9%         N/A       32%         3
 Olgreb's Toxic Radiance  Alch           18%        N/A       38%         4
 Gell's Gravitas          Tloc           3%         N/A       54%         3
 Teleport Other           Tloc           3%         N/A       54%         3
 Sticky Flame             Fire/Alch      10%        2d5       67%         4
 Dispersal                Tloc           1%         N/A       100%        6
 Summon Hydra             Summ           1%         N/A       100%        7


Dungeon Overview and Level Annotations

Branches:
Dungeon (4/15)             Temple (1/1) D:4

Altars:
Ashenzari
Elyvilon
Kikubaaqudgha
Makhleb
Nemelex Xobeh
Okawaru
Qazlal
Ru
Xom
Yredelemnul
Zin
The Shining One


Innate Abilities, Weirdness & Mutations

You cannot wear most types of armour.
You are amphibious.
You can wear up to eight rings at the same time.
Your skin changes colour to match your surroundings (Stealth+).
Your rubbery body absorbs attacks. (AC +1, EV +1)
((You are camouflaged when in or above water. (Stealth+)))
You have tentacles for arms and can constrict up to eight enemies at once.


Message History

The water moccasin is lightly wounded.
You constrict the water moccasin.
You feel sick. The water moccasin closely misses you.
The water moccasin bites you.
You are too injured to fight recklessly!
You are too injured to fight recklessly!
You are too injured to fight recklessly!
Aiming: Quicksilver Bolt
Press: ? - help, Shift-Dir - straight line, f/p - water moccasin
Aim: a water moccasin (lightly wounded, constricted by you, 98% to hit)
The bolt of dispelling energy hits the water moccasin!
The water moccasin is severely wounded.
You constrict the water moccasin.
You feel sick. The water moccasin bites you!
* * * LOW HITPOINT WARNING * * *
You are lethally poisoned!
The water moccasin poisons you!
Aiming: Quicksilver Bolt
Press: ? - help, Shift-Dir - straight line, f/p - water moccasin
Aim: a water moccasin (severely wounded, constricted by you, 98% to hit)
The bolt of dispelling energy hits the water moccasin!
You kill the water moccasin!
* * * LOW HITPOINT WARNING * * *
You feel very sick.
Training target 4.0 for Shields reached!
Your Shields skill increases to level 4!
You need to enable at least one skill for training.
Your Dodging skill increases to level 3!
There is a lethal amount of poison in your body!
There is a lethal amount of poison in your body!
* * * LOW HITPOINT WARNING * * *
You feel very sick.
* * * LOW HITPOINT WARNING * * *
You feel very sick.
It was a potion of berserk rage.
A red film seems to cover your vision as you go berserk!
You feel yourself moving faster!
You feel mighty!
* * * LOW HITPOINT WARNING * * *
You feel sick.
You are too berserk!
You feel a strong urge to attack something.
You die...

#.#....#.........[.....#
.......................#
....#.###...............#
......######......S.....#
#......# #....#.......#
..###..# ##.....[...>.##
..# #.<####.....##.....#
..# #.........#.#.......
..# ##..........@.......
#.# #..................
### ##................# #
#.!.........#...## #
#...........##### #
##.........## #
##...#...## # #########


There were no monsters in sight!

Vanquished Creatures
  A water moccasin (D:4)
  A black bear (D:4)
  A scorpion (D:4)
  2 gnoll boudas (D:3)
  Natasha (thrice) (D:2)
  An iguana (D:3)
  7 gnolls
  3 adders
  2 ribbon worms
  A dart slug (D:3)
  8 ball pythons
  4 endoplasms
  2 giant cockroaches
  5 goblins
  5 hobgoblins
  2 quokkas
  6 bats
  4 frilled lizards
  5 kobolds
  3 rats (D:1)
66 creatures vanquished.

Notes
Turn   | Place    | Note
-------+----------+-------------------------------------------
     0 | D:1      | bonscott the Octopode Alchemist began the quest for the
                  | Orb.
     0 | D:1      | Reached XP level 1. HP: 11/11 MP: 3/3
   338 | D:1      | Reached XP level 2. HP: 17/17 MP: 3/5
   362 | D:1      | Learned a level 2 spell: Mercury Vapours
   703 | D:1      | Reached XP level 3. HP: 21/21 MP: 6/6
  1233 | D:2      | Noticed Natasha
  1243 | D:2      | Killed Natasha
  1244 | D:2      | Reached XP level 4. HP: 20/27 MP: 7/9
  1277 | D:2      | Noticed Natasha
  1447 | D:2      | Killed Natasha
  1499 | D:2      | Reached skill level 1 in Fighting
  1694 | D:2      | Noticed Natasha
  1700 | D:2      | Killed Natasha
  1701 | D:2      | Reached XP level 5. HP: 34/34 MP: 8/11
  1854 | D:3      | Found a stormy altar of Qazlal.
  2048 | D:3      | Found a faded altar of an unknown god.
  2357 | D:4      | Found a sparkling altar of Nemelex Xobeh.
  2379 | D:4      | Noticed a black bear
  2597 | D:4      | Found a staircase to the Ecumenical Temple.
  2697 | D:3      | Reached XP level 6. HP: 43/43 MP: 10/12
  2791 | Temple   | Entered the Ecumenical Temple
  2970 | D:4      | Killed a black bear
  3121 | D:4      | Noticed a water moccasin
  3241 | D:4      | Reached XP level 7. HP: 48/48 MP: 10/13
  3350 | D:4      | Found a burning altar of Makhleb.
  3436 | D:4      | HP: 1/48 [gnoll/+0 flail[a gnoll bouda] (14)]
  3444 | D:3      | HP: 2/48 [gnoll/+0 flail[a gnoll bouda] (8)]
  3721 | D:4      | HP: 2/48 [poisoned by a water moccasin]
  3723 | D:4      | Succumbed to a water moccasin's poison

Illustrated notes

Levels and vault maps discovered:
D:1:      eino_arrival_cavern_b, layout_loops_cross
D:2:      layout_loops_ring, uniq_natasha
D:3:      layout_basic, nicolae_qazlal_general_emergency,
          shapermc_ecumenical_altar_hornbeckon
D:4:      layout_rooms, lemuel_doored_altar,
          mainiacjoe_overflow_six_doors_small, minmay_temple_entry_offerings
Temple:   kb_temple_of_zot

Skill      XL: |  1  2  3  4  5  6  7 |
---------------+----------------------+-----
Alchemy        | 4 |  4.0
Spellcasting   | 3 4 |  4.0
Fighting       | 1 3 4 |  4.0
Shields        | 3 4 |  4.0
Dodging        | 3 |  3.1
Stealth        | |  2.6
Conjurations   | |  1.0

Action                     |  1- 3 |  4- 6 |  7- 9 || total
---------------------------+-------+-------+-------++-------
  Melee: Short sword       |    31 |    62 |    12 ||   105
         Constrict         |     7 |    17 |     3 ||    27
         Tentacles         |     9 |    19 |     3 ||    31
  Throw: Stone             |     1 |       |       ||     1
   Cast: Sting             |    12 |    23 |     5 ||    40
  Evoke: Wand              |       |     3 |     6 ||     9
    Use: Scroll            |     2 |     3 |       ||     5
         Potion            |       |     1 |     2 ||     3
   Stab: Sleeping          |     8 |     8 |     1 ||    17
 Armour: Skin              |     5 |    34 |    15 ||    54
  Dodge: Dodged            |    15 |    31 |    19 ||    65
  Block: Buckler           |       |     8 |    10 ||    18

Table legend: (Time is in decaauts)
 A = Elapsed time spent in this place.
 B = Non-inter-level travel time spent in this place.
 C = Inter-level travel time spent in this place.
 D = Time resting spent in this place.
 E = Time spent auto-exploring this place.
 F = Levels seen in this place.
 G = Mean time per level.
                   A        B        C        D        E       F      G
               +--------+--------+--------+--------+--------+-----+--------+
         Total |   3756 |   3388 |    368 |    819 |   1079 |   5 |  751.2 |
       Dungeon |   3745 |   3377 |    368 |    819 |   1079 |   4 |  936.2 |
        Temple |     11 |     11 |      0 |      0 |      0 |   1 |   11.0 |
               +--------+--------+--------+--------+--------+-----+--------+

Top non-repeatable levels by time:
     D:3: 1274 daAuts
     D:1: 931 daAuts
     D:2: 834 daAuts
     D:4: 704 daAuts
  Temple: 11 daAuts
